AoeStats
← Dkhan

Arabia

510415500Analyzed
1v1 RM · 22h ago on Sep 30, 2026· 20m 20s· 2 players
Game mode
Random Map
Map size
Tiny (2 player)
Population
200
Speed
Normal
Resources
Standard
Victory
Conquest
Starting age
Dark Age
Ending age
Imperial Age
RankedLock teamsTeams togetherTeam positionsShared explorationLock speedFull tech treeHidden civsTurbo modeCheats
Victory
Defeat
🇻🇪 Mongols · Venezuela
1065
+16
🇩🇪 Magyars · Germany
1063
-16
;
7:14 Loom
9:33 Feudal Age
10:13 Double-Bit Axe
18:08 Horse Collar
19:13 Scale Barding Armor
Dkhan
6:13 Loom
8:43 Feudal Age
15:32 Double-Bit Axe
17:36 Fletching
18:59 Wheelbarrow
18:36 Scale Mail Armor
19:54 Horse Collar
Connection lost

Rejoining the realm…

Still unreachable

The connection could not be restored.

Session expired

The server has moved on; the page needs a fresh start.